 Dungeon Crawl Stone Soup version 0.30-a0-4-ga7cffc901d (webtiles) character file.

Game seed: 11652044985199107787

77 Setbun the Cutter (level 4, -1/39 HPs)
             Began as a Kobold Brigand on Aug 21, 2022.
             Slain by a ball python (2 damage)
             ... on level 3 of the Dungeon.
             The game lasted 00:02:34 (1768 turns).

Setbun the Cutter (Kobold Brigand)                  Turns: 1768, Time: 00:02:34

Health: -1/39      AC: 22    Str:  8    XL:     4   Next: 58%
Magic:  4/4        EV:  0    Int: 12    God:
Gold:   129        SH:  0    Dex: 18    Spells: 3/3 levels left

rFire   . . .      SeeInvis .    o - +3 dagger
rCold   . . .      Faith    .    (no shield)
rNeg    . . .      Spirit   .    (body armour currently unavailable)
rPois   +          Reflect  .    (helmet currently unavailable)
rElec   .          Harm     .    (cloak currently unavailable)
rCorr   .          Rampage  .    (gloves currently unavailable)
Will    .....      NoTele   +    (boots currently unavailable)
Stlth   ++++......               (no amulet)
HPRegen 0.13/turn                (no ring)
MPRegen 0.09/turn                (no ring)

@: tree-form, constricted
A: stationary, stasis, torment immunity, boosted hp, small, no large weapons,
nightstalker 3
a: no special abilities


You were on level 3 of the Dungeon.
You were a tree.
You visited 1 branch of the dungeon, and saw 3 of its levels.

You collected 129 gold pieces.

Inventory:

Hand Weapons
 a - a +2 dagger
 o - a +3 dagger (weapon)
Missiles
 d - 14 poisoned darts (quivered)
 e - 3 curare-tipped darts
 m - 4 datura-tipped darts
Armour
 b - a +0 robe (melded)
 c - a +0 cloak (melded)
Jewellery
 j - a +6 ring of intelligence
 k - a ring of ice
Wands
 u - a wand of charming (8)
 A - a wand of light (14)
Scrolls
 f - a scroll of enchant armour {unknown}
 g - 3 scrolls of teleportation {unknown}
 i - 5 scrolls of identify {unknown}
 q - a scroll of blinking {unknown}
 r - a scroll of noise {unknown}
 t - a scroll of immolation {unknown}
 y - a scroll of fear {unknown}
 D - a scroll of amnesia {unknown}
Potions
 n - a potion of heal wounds {unknown}
 p - a potion of magic
 s - 2 potions of mutation {unknown}
 v - a potion of attraction {unknown}
 w - a potion of degeneration {unknown}
 x - a potion of invisibility {unknown}
 z - a potion of might {unknown}
 B - a potion of ambrosia {unknown}
 C - a potion of haste {unknown}


   Skills:
 - Level 2.1 Fighting
 * Level 5.9 Short Blades
 - Level 2.1 Throwing
 - Level 1.2 Dodging
 - Level 5.3 Stealth


You had 3 spell levels left.
You didn't know any spells.
Your spell library contained the following spells:

 Spells                   Type           Power      Damage    Failure   Level
 Beastly Appendage        Tmut           0%         N/A       32%         1
 Ensorcelled Hibernation  Hex/Ice        0%         N/A       45%         2
 Wereblood                Tmut           0%         N/A       45%         2
 Spider Form              Tmut/Pois      0%         N/A       69%         3
 Anguish                  Hex/Necr       0%         N/A       97%         4


Dungeon Overview and Level Annotations

Branches:
Dungeon (3/15)

Altars:
Uskayaw

Shops:
D:2 (=


Innate Abilities, Weirdness & Mutations

You are a tree.
Your roots penetrate the ground, keeping you stationary.
You cannot be teleported.
You are immune to unholy pain and torment.
Your maximum health is greatly increased.
Your equipment is partially melded.
You are small and have problems with some larger weapons.
You are completely attuned to the shadows.


Message History

The ufetubus hits you.
* * * LOW HITPOINT WARNING * * *
The ufetubus barely misses you. The ufetubus closely misses you.
The ufetubus attacks as you move away! The ufetubus closely misses you.
The ufetubus misses you.
The ufetubus hits you but does no damage.
The ufetubus closely misses you. The ufetubus attacks as you move away!
The ufetubus closely misses you. The ufetubus hits you.
* * * LOW HITPOINT WARNING * * *
The ufetubus misses you. x2
The ufetubus attacks as you move away! The ufetubus misses you. x2
The ufetubus attacks as you move away! The ufetubus hits you.
* * * LOW HITPOINT WARNING * * *
The ufetubus hits you.
* * * LOW HITPOINT WARNING * * *
The ufetubus hits you but does no damage.
The ufetubus barely misses you.
There is a stone staircase leading up here.
It was a potion of curing.
You feel better. The ufetubus barely misses you.
The ufetubus closely misses you. The ball python closely misses you.
The ball python grabs you. The ball python constricts you.
* * * LOW HITPOINT WARNING * * *
The ufetubus hits you.
* * * LOW HITPOINT WARNING * * *
The ufetubus hits you.
* * * LOW HITPOINT WARNING * * *
It was a potion of lignification.
You turn into a tree.
Your +0 cloak melds into your body.
Your +0 robe melds into your body.
Your roots penetrate the ground.
The ball python bites you but does no damage.
The ball python constricts you.
The ufetubus hits you but does no damage. x2
The ball python bites you.
* * * LOW HITPOINT WARNING * * *
The ball python constricts you.
It was a potion of magic.
Magic courses through your body.
The ufetubus hits you but does no damage. x4
The ball python bites you.
You die...

#.....#
.##########.....#####
.........K.........†.
...†..#############..
......#### #..
....[....#### #..
......†.......# #..
...K5S##..###.#####..
.#.#♣.......#.##.....
............#.##....#
.......##.[.#.##....#
...............#....#
.......####.#.......#
...........#
.....##.#.### .....
#....## .. #......


You could see an ufetubus, a ball python and a kobold.

Vanquished Creatures
  An adder (D:3)
  A worm (D:2)
  2 dart slugs (D:1)
  3 orcs (D:3)
  7 bats
  5 endoplasms
  3 giant cockroaches
  6 goblins
  2 hobgoblins
  2 jackals (D:2)
  2 kobolds (D:2)
  5 quokkas
  4 ball pythons
  3 frilled lizards
  5 rats
51 creatures vanquished.

Notes
Turn   | Place    | Note
-------+----------+-------------------------------------------
     0 | D:1      | Setbun the Kobold Brigand began the quest for the Orb.
     0 | D:1      | Reached XP level 1. HP: 12/12 MP: 1/1
     9 | D:1      | Noticed a merfolk zombie
   113 | D:1      | Reached XP level 2. HP: 17/17 MP: 2/2
   509 | D:1      | Reached XP level 3. HP: 16/21 MP: 3/3
   999 | D:2      | Reached skill level 5 in Short Blades
  1118 | D:2      | Found Igoyhudgh's Antique Weapon Shop.
  1261 | D:2      | Reached XP level 4. HP: 26/26 MP: 4/4
  1555 | D:2      | Found Wetiss's Jewellery Shop.
  1608 | D:3      | Found a hide-covered altar of Uskayaw.
  1729 | D:3      | Found a faded altar of an unknown god.
  1764 | D:3      | HP: 1/26 [ufetubus (3)]
  1768 | D:3      | Slain by a ball python

Illustrated notes

Levels and vault maps discovered:
D:1:      shiori_arrival_whats_in_store_for_you, layout_rooms
D:2:      layout_basic, serial_shops, nicolae_lakefront_shop,
          nicolae_shop_temple_entry_statues_fountains, minmay_surrounded
D:3:      layout_basic, mainiacjoe_overflow_catwalk,
          dreamdust_ecumenical_altar_statues, nrook_campfire

Skill      XL: |  1  2  3 |
---------------+----------+-----
Short Blades   | 3 4 5 |  5.9
Fighting       | |  2.1
Throwing       | |  2.1
Dodging        | |  1.2
Stealth        | |  5.3

Action                   |  1- 3 |  4- 6 || total
-------------------------+-------+-------++-------
Melee: Dagger            |    67 |    28 ||    95
  Use: Potion            |       |     3 ||     3
 Stab: Sleeping          |    20 |     7 ||    27
Armor: Robe              |    10 |     9 ||    19
       Skin              |       |     7 ||     7
Dodge: Dodged            |    30 |    65 ||    95

Table legend: (Time is in decaauts)
 A = Elapsed time spent in this place.
 B = Non-inter-level travel time spent in this place.
 C = Inter-level travel time spent in this place.
 D = Time resting spent in this place.
 E = Time spent auto-exploring this place.
 F = Levels seen in this place.
 G = Mean time per level.
                   A        B        C        D        E       F      G
               +--------+--------+--------+--------+--------+-----+--------+
         Total |   1745 |   1691 |     54 |      0 |   1379 |   3 |  581.7 |
       Dungeon |   1745 |   1691 |     54 |      0 |   1379 |   3 |  581.7 |
               +--------+--------+--------+--------+--------+-----+--------+

Top non-repeatable levels by time:
     D:1: 820 daAuts
     D:2: 753 daAuts
     D:3: 172 daAuts
